 Dungeon Crawl Stone Soup version 0.24-a0-378-g94936e539c (webtiles) character file.

Game seed: 12466519187490858950

10543 HAL9000 the Transmogrifier (level 11, -2/94 HPs)
             Began as a Grey Draconian Transmuter on June 1, 2019.
             Was a Priest of Ru.
             Slain by a yak (13 damage)
             ... on level 3 of the Lair of Beasts.
             The game lasted 00:56:17 (20850 turns).

HAL9000 the Transmogrifier (DrTm)                  Turns: 20850, Time: 00:56:18

Health: -2/94      AC: 14    Str: 14    XL:     11   Next: 37%
Magic:  9/16       EV: 12    Int: 14    God:    Ru [***...]
Gold:   774        SH:  0    Dex: 13    Spells: 3/17 levels left

rFire    . . .     SeeInvis .     - Unarmed
rCold    . . .     Gourm    +   (shield currently unavailable)
rNeg     . . .     Faith    .   (armour unavailable)
rPois    +         Spirit   .   (helmet restricted)
rElec    .         Reflect  .   h - +1 cloak {MR+}
rCorr    .         Harm     .   (gloves currently unavailable)
MR       ++...                  (no boots)
Stlth    +.........             m - amulet of the gourmand
HPRegen  0.25/turn              N - ring of protection from magic
MPRegen  0.15/turn              O - ring of poison resistance

@: blade hands, no potions
A: walk through water, unfitting armour, unbreathing, cold-blooded, inability to
drink while threatened, inexperienced 1, AC +12
a: End Transformation, Draw Out Power, Renounce Religion


You were on level 3 of the Lair of Beasts.
You worshipped Ru.
Ru was most pleased with you.
You were full.
You had blades for hands.
You visited 3 branches of the dungeon, and saw 15 of its levels.

You collected 774 gold pieces.

Inventory:

Hand Weapons
 P - a +6 eveningstar
Missiles
 a - 100 arrows
 p - 5 datura-tipped darts
 z - 17 javelins
 E - 15 boomerangs
 K - 3 curare-tipped darts (quivered)
Armour
 h - a +1 cloak of magic resistance (worn)
 j - a scarf of repulsion
Magical Staves
 J - an uncursed staff of power
Jewellery
 m - an amulet of the gourmand (around neck)
 N - a ring of protection from magic (left scythe-like blade)
 O - a ring of poison resistance (right scythe-like blade)
Wands
 r - a wand of iceblast (1)
 v - a wand of polymorph (22)
 y - a wand of disintegration (21)
 A - a wand of acid (13)
 B - a wand of paralysis (15)
 H - a wand of random effects (72)
 L - a wand of flame (52)
 R - a wand of enslavement (13)
Scrolls
 d - 7 scrolls of remove curse
 f - 3 scrolls of teleportation
 k - 2 scrolls of magic mapping {unknown}
 n - 3 scrolls of blinking
 t - 2 scrolls of fog {unknown}
 u - 2 scrolls of amnesia {unknown}
 w - 2 scrolls of immolation
 x - a scroll of summoning {unknown}
 D - a scroll of vulnerability {unknown}
 G - a scroll of enchant weapon {unknown}
 M - a scroll of torment {unknown}
 Q - 2 scrolls of identify
 S - a scroll of silence {unknown}
Potions
 b - 6 potions of flight
 e - a potion of degeneration {unknown}
 g - 3 potions of might
 i - 2 potions of curing
 l - a potion of mutation
 o - 3 potions of lignification
 q - 4 potions of berserk rage
 s - 2 potions of agility
 C - 2 potions of heal wounds
 F - 2 potions of haste
Miscellaneous
 I - a box of beasts
Comestibles
 c - 22 rations


   Skills:
 - Level 8.2 Fighting
 - Level 1.7 Dodging
 - Level 9.4 Unarmed Combat
 - Level 3.5 Spellcasting
 + Level 10.6 Charms
 - Level 12.1 Transmutations


You had 3 spell levels left.
You knew the following spells:

 Your Spells              Type           Power        Failure   Level  Hunger
a - Beastly Appendage     Tmut           #####.       8%          1    #......
b - Sticks to Snakes      Tmut           #####...     9%          2    ##.....
c - Spider Form           Tmut/Pois      ###.......   32%         3    ###....
d - Blade Hands           Tmut           #####.....   28%         5    ######.
e - Ozocubu's Armour      Chrm/Ice       ###.....     38%         3    ###....

Your spell library contained the following spells:

 Spells                   Type           Power        Failure   Level  Hunger
 Passwall                 Tmut/Erth      ###.....     24%         2    ##.....
 Freeze                   Ice            #...         63%         1    #......
 Sandblast                Erth           #.....       63%         1    #......
 Throw Frost              Conj/Ice       #.....       73%         2    ##.....
 Stone Arrow              Conj/Erth      #.....       88%         3    ###....
 Ice Form                 Ice/Tmut       ###.....     58%         4    #####..
 Petrify                  Tmut/Erth      ###.....     58%         4    #####..
 Summon Ice Beast         Ice/Summ       #.......     99%         4    #####..
 Throw Icicle             Conj/Ice       #.......     99%         4    #####..
 Lee's Rapid Deconstruct  Erth           #.........   100%        5    ######.


Dungeon Overview and Level Annotations

Branches:
Dungeon (11/15)            Temple (1/1) D:6            Lair (3/6) D:11
 Spider (0/4) Lair:3          Orc (0/2) D:9
  Swamp: Lair:2-4    Shoals: Lair:2-4

Altars:
Ashenzari
Cheibriados
Dithmenos
Elyvilon
Fedhas
Gozag
Hepliaklqana
Kikubaaqudgha
Makhleb
Nemelex Xobeh
Okawaru
Qazlal
Ru
Sif Muna
Trog
Uskayaw
Vehumet
Wu Jian
Xom
Yredelemnul
Zin
The Shining One

Shops:
D:6 *   D:7 *   D:10 (

Annotations:
D:6 2 transporters, firegrace's ghost, amateur VSAs
D:10 1 runed translucent door, HAL9000's ghost, journeyman VSAs


Innate Abilities, Weirdness & Mutations

You can walk through water.
Your dull iron-grey scales are very hard. (AC +12)
You cannot fit into any form of body armour.
You can survive without breathing.
You are cold-blooded and may be slowed by cold attacks.
You cannot drink potions while threatened.
You are somewhat inexperienced. (-2 XL)


Message History

The yak is almost dead.
You can drink potions again.
The yak gores you!
You feel threatened and lose the ability to drink potions!
The yak gores you!
You hit the yak.
You kill the yak!
The yak gores you!
* * * LOW HITPOINT WARNING * * *
Unknown command.
Casting: Blade Hands (safe; 3% risk of failure)
Confirm with . or Enter, or press ? or * to list all spells.
Your hands turn into razor-sharp scythe blades.
The yak gores you!
* * * LOW HITPOINT WARNING * * *
Unknown command.
You slash the yak!
The yak is moderately wounded.
The yak gores you!
You die...

....# P..>....Y..# ..###
#......<...# ..#
#.........### ...#
..........#. ..##
.^.........##
.#######.............##≈
..##.#................≈≈
................†....≈≈.
................@Y....≈.
......................≈.
.....................≈≈.
.....................≈≈.
....................≈≈..
................$..≈≈≈..
###.P...........<...≈≈.P
######.............#.#
#.................#


You could see a yak.

Vanquished Creatures
  A fire dragon (D:9)
  A hydra (Lair:3)
  A yaktaur captain (D:9)
  2 two-headed ogres
  Urug (Lair:1)
  A cyclops (D:11)
  2 black mambas (Lair:2)
  A rime drake (Lair:2)
  2 spiny frogs (Lair:2)
  5 hippogriffs
  A vampire (D:9)
  2 shadows (D:11)
  A redback (Lair:3)
  13 yaks
  A wyvern (Lair:2)
  A basilisk (Lair:1)
  A hungry ghost (D:7)
  3 vampire mosquitoes (D:11)
  Menkaure (D:7)
  Edmund (D:6)
  6 water moccasins
  9 porcupines
  8 orc warriors
  An eye of draining (D:8)
  2 ice beasts
  2 necrophages (D:10)
  3 black bears
  5 wolves (Lair:2)
  4 ogres
  3 centaurs
  6 crocodiles
  8 bullfrogs
  4 scorpions
  10 killer bees (D:9)
  2 howler monkeys
  An electric eel (D:8)
  3 centaur zombies
  5 crimson imps
  2 quasits
  5 orc priests
  6 hounds
  7 jellies
  Crazy Yiuf (D:7)
  3 centaur skeletons
  11 orc wizards
  A bullfrog skeleton (D:6)
  3 iguanas
  Terence (D:3)
  7 worker ants
  A hound zombie (D:11)
  2 howler monkey skeletons
  11 adders
  3 shadow imps
  6 oozes
  2 adder skeletons
  2 worms
  3 dart slugs
  3 leopard geckos
  47 orcs
  6 giant cockroaches
  8 goblins
  A hobgoblin (D:3)
  11 jackals
  4 quokkas
  A ball python (D:3)
  3 bats
  A frilled lizard (D:2)
  5 kobolds
  A quokka zombie (D:5)
  16 rats
308 creatures vanquished.

Vanquished Creatures (collateral kills)
  A hydra (Lair:3)
  A two-headed ogre (D:8)
  Joseph (D:7)
  A basilisk (Lair:1)
  An ogre (D:4)
  An iguana (D:2)
  An adder (D:2)
  2 worms
  A dart slug (D:2)
  An orc (D:10)
11 creatures vanquished.

Vanquished Creatures (others)
  A yak (D:11)
  3 fungi
4 creatures vanquished.

Grand Total: 323 creatures vanquished

Notes
Turn   | Place    | Note
-------+----------+-------------------------------------------
     0 | D:1      | HAL9000 the Draconian Transmuter began the quest for the
                  | Orb.
     0 | D:1      | Reached XP level 1. HP: 16/16 MP: 3/3
   306 | D:1      | Reached XP level 2. HP: 17/23 MP: 5/5
   695 | D:2      | Reached XP level 3. HP: 17/28 MP: 4/6
   788 | D:2      | Learned a level 2 spell: Sticks to Snakes
  1421 | D:2      | Reached XP level 4. HP: 35/35 MP: 2/7
  1678 | D:2      | Reached skill level 3 in Transmutations
  2592 | D:3      | Noticed Terence
  2615 | D:3      | Killed Terence
  2868 | D:3      | Learned a level 3 spell: Spider Form
  3309 | D:3      | Found a shadowy altar of Dithmenos.
  3455 | D:4      | Found a sparkling altar of Nemelex Xobeh.
  3459 | D:4      | Noticed an ogre
  3476 | D:4      | Reached skill level 4 in Transmutations
  3942 | D:4      | Reached XP level 5. HP: 38/40 MP: 6/8
  4306 | D:4      | Found a shattered altar of Ashenzari.
  4313 | D:4      | Saw a vision of the Shoals and the Spider Nest.
  4313 | D:4      | Noticed a centaur
  4313 | D:4      | Noticed a wolf spider
  4313 | D:4      | Noticed a merfolk
  4313 | D:4      | Noticed a hornet
  4313 | D:4      | Noticed a merfolk
  4313 | D:4      | Noticed a merfolk
  4313 | D:4      | Noticed a merfolk
  4313 | D:4      | Noticed a wolf spider
  4313 | D:4      | Noticed a redback
  4313 | D:4      | Noticed a hornet
  4313 | D:4      | Noticed a centaur
  4314 | D:4      | Noticed a merfolk
  4314 | D:4      | Noticed a redback
  4459 | D:4      | Killed an ogre
  4459 | D:4      | Reached skill level 5 in Transmutations
  4459 | D:4      | Reached XP level 6. HP: 22/47 MP: 1/9
  4752 | D:4      | Found a hazy altar of Hepliaklqana.
  4899 | D:5      | Entered Level 5 of the Dungeon
  5096 | D:5      | You fall into a shaft and drop 2 floors!
  5196 | D:7      | Noticed a hungry ghost
  5227 | D:7      | Killed a hungry ghost
  5227 | D:7      | Reached skill level 6 in Transmutations
  5404 | D:7      | Noticed Joseph
  5422 | D:7      | Killed Joseph
  5422 | D:7      | Reached skill level 7 in Transmutations
  5422 | D:7      | Your scales start taking on a dull iron-grey colour.
  5422 | D:7      | Reached XP level 7. HP: 21/52 MP: 1/10
  5422 | D:7      | Gained mutation: You can survive without breathing. [Grey
                  | Draconian growth]
  5739 | D:7      | Noticed Menkaure
  5745 | D:7      | Killed Menkaure
  5745 | D:7      | Reached skill level 8 in Transmutations
  6361 | D:7      | Found a runed translucent door.
  6383 | D:7      | Noticed Crazy Yiuf
  6397 | D:7      | Killed Crazy Yiuf
  6558 | D:7      | Noticed a two-headed ogre
  6651 | D:7      | Killed a two-headed ogre
  6651 | D:7      | Reached skill level 10 in Transmutations
  6651 | D:7      | Reached XP level 8. HP: 37/59 MP: 7/11
  6872 | D:7      | Learned a level 5 spell: Blade Hands
  7072 | D:7      | Found Nufraell's General Store.
  7550 | D:8      | Noticed a hippogriff
  7551 | D:8      | Reached skill level 11 in Transmutations
  7558 | D:8      | Killed a hippogriff
  7558 | D:8      | Reached XP level 9. HP: 61/64 MP: 7/12
  7727 | D:8      | Reached skill level 12 in Transmutations
  8108 | D:8      | Noticed a two-headed ogre
  8154 | D:8      | Killed a two-headed ogre
  8154 | D:8      | Reached skill level 5 in Fighting
 10170 | D:9      | Found a staircase to the Orcish Mines.
 10275 | D:9      | Reached XP level 10. HP: 86/86 MP: 8/13
 10277 | D:9      | Reached skill level 5 in Unarmed Combat
 10349 | D:9      | Noticed a yaktaur captain
 10367 | D:9      | Killed a yaktaur captain
 10368 | D:9      | Noticed a fire dragon
 10565 | D:9      | Killed a fire dragon
 10799 | D:9      | Found a white marble altar of Elyvilon.
 10801 | D:9      | Found a deep blue altar of Sif Muna.
 10865 | D:6      | Found a transporter.
 10872 | D:6      | Found a transporter.
 10882 | D:6      | Found a radiant altar of Vehumet.
 11027 | D:6      | Found a staircase to the Ecumenical Temple.
 11036 | Temple   | Entered the Ecumenical Temple
 11324 | D:6      | Noticed firegrace's ghost (amateur VSAs)
 12324 | D:6      | Found Zin's Purification Station.
 12327 | D:6      | Noticed Edmund
 12337 | D:6      | Killed Edmund
 12347 | D:6      | Found a glowing silver altar of Zin.
 12640 | D:6      | Found a burning altar of Makhleb.
 13260 | D:6      | Found a sacrificial altar of Ru.
 13288 | D:6      | Became a worshipper of Ru the Awakened
 13845 | D:9      | Found an ornate altar of the Wu Jian Council.
 14496 | D:10     | Entered Level 10 of the Dungeon
 14613 | D:10     | Found Zanom's Antique Weapon Shoppe.
 14689 | D:10     | Reached XP level 11. HP: 74/94 MP: 13/15
 14814 | D:10     | Learned a level 3 spell: Ozocubu's Armour
 14936 | D:10     | Noticed a two-headed ogre
 14937 | D:10     | Found a runed translucent door.
 14947 | D:10     | Killed a two-headed ogre
 15174 | D:10     | Found a shimmering altar of Xom.
 15174 | D:10     | Noticed a +1 halberd of chaos
 15174 | D:10     | Noticed HAL9000's ghost (journeyman VSAs)
 15933 | D:11     | Reached skill level 5 in Charms
 16543 | D:11     | Gained mutation: You are somewhat inexperienced. (-2 XL)
                  | [Ru sacrifice]
 16543 | D:11     | Reached XP level 10. HP: 88/88 MP: 15/15
 16543 | D:11     | Reached XP level 9. HP: 81/81 MP: 14/14
 16543 | D:11     | Reached * piety under Ru
 16543 | D:11     | Reached ** piety under Ru
 16949 | D:11     | Found a staircase to the Lair.
 16958 | Lair:1   | Entered Level 1 of the Lair of Beasts
 16969 | Lair:1   | Reached XP level 10. HP: 72/88 MP: 10/15
 17034 | Lair:1   | You fall into a shaft and drop 1 floor!
 17495 | Lair:1   | Noticed Urug
 17507 | Lair:1   | HP: 2/88 [Urug/+6 eveningstar (13)]
 17879 | Lair:2   | Noticed a spiny frog
 17896 | Lair:2   | Killed a spiny frog
 18313 | Lair:1   | Killed Urug
 19497 | Lair:2   | Noticed a black mamba
 19502 | Lair:2   | Killed a black mamba
 19598 | Lair:2   | Noticed a black mamba
 19604 | Lair:2   | Killed a black mamba
 19604 | Lair:2   | Reached XP level 11. HP: 74/94 MP: 10/16
 19660 | Lair:2   | Gained mutation: You cannot drink potions while threatened.
                  | [Ru sacrifice]
 19660 | Lair:2   | Reached *** piety under Ru
 20074 | Lair:3   | Found a hole to the Spider Nest.
 20074 | Lair:3   | Noticed a five-headed hydra
 20147 | Lair:3   | Noticed a five-headed hydra
 20220 | Lair:3   | Killed a five-headed hydra
 20220 | Lair:3   | Reached skill level 10 in Charms
 20470 | Lair:3   | Killed a five-headed hydra
 20850 | Lair:3   | Slain by a yak

Levels and vault maps discovered:
D:1:      dpeg_arrival_tiny_k, layout_basic
D:2:      layout_basic, minmay_rat_gold_closets
D:3:      layout_loops_corners, grunt_dithmenos_smoke, uniq_terence
D:4:      layout_cave_pools, kennysheep_mini_moat, kennysheep_little_box,
          first_ration, st_stairs_7, grunt_decor_clamped,
          grunt_ashenzari_visionary [grunt_ashenzari_visionary_shoals,
          grunt_ashenzari_visionary_spider]
D:5:      layout_loops_corners
D:6:      layout_basic, vehumet_crystals, zin_purify, lemuel_doored_altar,
          nicolae_overflow_crystal_walls, minmay_temple_entry_sparse_star,
          gammafunk_ghost_stat_death, uniq_edmund
D:7:      layout_basic, serial_shops, shop, minmay_fractal_squares_gapless_5,
          uniq_joseph, uniq_crazy_yiuf_cottage, uniq_menkaure
D:8:      layout_basic
D:9:      layout_long_grid, lemuel_coloured_pillars_altar, orc_0_dummy,
          hangedman_little_slice_of_home, chequers_serial_rivers_micro_a,
          jmf_multi_god_temple
D:10:     layout_loops_ring, ebering_ghost_xom, serial_shops, shop
D:11:     layout_basic, grunt_lair_entry_orc_guard_hut, dk_noncrumbling_2
Temple:   dpeg_chambers_temple
Lair:1:   layout_cave_pods, infiniplex_staircase_pool_2, uniq_urug
Lair:2:   layout_hall_layers, lemuel_fruit_fields, grunt_megastairs_4
Lair:3:   layout_hall_layers, elwin_shoals_entry_stream, spider_nest_entry_webs,
          chequers_serial_rivers_small_a, serial_bayou_shore_b

Skill      XL: |  1  2  3  4  5  6  7  8  9 10 11 |
---------------+----------------------------------+-----
Unarmed Combat | 4 9 |  9.4
Transmutations | 4 5 7 10 11 12 | 12.1
Fighting       | 7 8 |  8.2
Spellcasting   | 3 |  3.5
Charms         | 7 9 10 | 10.6
Dodging        | |  1.7

Action                   |  1- 3 |  4- 6 |  7- 9 | 10-12 || total
-------------------------+-------+-------+-------+-------++-------
Melee: Unarmed           |   117 |   200 |   329 |   524 ||  1170
       Tailslap          |     9 |    12 |    34 |    46 ||   101
       Punch             |     4 |       |     3 |    16 ||    23
       Headbutt          |     1 |       |       |       ||     1
       Kick              |       |     8 |     2 |       ||    10
Throw: Dart              |       |       |       |     4 ||     4
 Cast: Beastly Appendage |     6 |     9 |     2 |       ||    17
       Sticks to Snakes  |     5 |    17 |    11 |    37 ||    70
       Spider Form       |       |     3 |     8 |     1 ||    12
       Blade Hands       |       |       |    16 |    53 ||    69
Invok: Sacrifice Experie |       |       |     1 |       ||     1
       Sacrifice Drink   |       |       |       |     1 ||     1
 Abil: End Transformatio |       |       |     1 |     9 ||    10
Evoke: Wand              |       |       |     4 |     2 ||     6
  Use: Scroll            |       |     5 |     8 |     6 ||    19
       Potion            |       |       |     1 |       ||     1
 Stab: Sleeping          |     1 |     1 |     1 |     1 ||     4
       Distracted        |     1 |     1 |       |       ||     2
       Invisible         |       |       |       |     1 ||     1
  Eat: Chunk             |     1 |    12 |    29 |    52 ||    94
       Ration            |       |     2 |     1 |       ||     3
Armor: Skin              |    25 |    44 |   117 |   189 ||   375
Dodge: Dodged            |    55 |   115 |   214 |   297 ||   681
       Deflected         |       |     1 |       |       ||     1

Table legend:
 A = Non-vault XP
 B = Vault XP
 C = Vault XP percentage of total XP
 D = Non-vault monster count
 E = Vault monster count
 F = Vault count percentage of total count
                 A         B        C        D         E       F
            +---------+---------+-------+---------+---------+-------
      Total |   21274 |    5782 |  21.4 |     284 |      36 |  11.2
            +---------+---------+-------+---------+---------+-------
        D:1 |      16 |       0 |   0.0 |       9 |       0 |   0.0
        D:2 |      79 |       9 |  10.2 |      16 |       9 |  36.0
        D:3 |      47 |      30 |  39.0 |      19 |       1 |   5.0
        D:4 |     148 |      57 |  27.8 |       6 |       1 |  14.3
        D:5 |     548 |       0 |   0.0 |      20 |       0 |   0.0
        D:6 |     878 |     157 |  15.2 |      24 |       1 |   4.0
        D:7 |    1395 |     521 |  27.2 |      20 |       3 |  13.0
        D:8 |    2823 |       0 |   0.0 |      39 |       0 |   0.0
        D:9 |    1153 |    2433 |  67.8 |      33 |      11 |  25.0
       D:10 |    2147 |     267 |  11.1 |      19 |       2 |   9.5
       D:11 |    4286 |     381 |   8.2 |      39 |       3 |   7.1
     Lair:1 |    1688 |     659 |  28.1 |      11 |       1 |   8.3
     Lair:2 |    3414 |    1057 |  23.6 |      19 |       3 |  13.6
     Lair:3 |    2652 |     211 |   7.4 |      10 |       1 |   9.1
            +---------+---------+-------+---------+---------+-------
